 Dungeon Crawl Stone Soup version 0.27-a0-70-g58928b186a (webtiles) character file.

Game seed: 1341049514497565347

4196 Morbidden the Grave Robber (level 10, 0/94 HPs)
             Began as a Troll Necromancer on Jan 10, 2021.
             Was an Initiate of Gozag.
             Slain by a killer bee (7 damage)
             ... on level 8 of the Dungeon.
             The game lasted 00:16:27 (8709 turns).

Morbidden the Grave Robber (Troll Necromancer)      Turns: 8709, Time: 00:16:28

Health: 0/94       AC: 11    Str: 15 (18) XL:     10   Next: 8%
Magic:  5/14       EV: 11    Int: 12 (14) God:    Gozag
Gold:   1933       SH:  0    Dex:  7 (10) Spells: 11/15 levels left

rFire    + . .     SeeInvis .     - Unarmed
rCold    + . .     Faith    .   (no shield)
rNeg     . . .     Spirit   .   w - +0 robe
rPois    +         Reflect  .   (helmet restricted)
rElec    +         Harm     .   n - +0 cloak
rCorr    +         Rampage  .   (gloves unavailable)
Will     .....                  (boots unavailable)
Stlth    ++++......             (no amulet)
HPRegen  0.65/turn              s - ring of stealth
MPRegen  0.14/turn              u - ring of stealth

@: resistant, gold aura, attractive
A: large, unfitting armour, claws 3, molten scales 1, slimy green scales 1,
blurry vision 1, regeneration 1, shaggy fur 1, tough skin 3
a: Renounce Religion, Potion Petition, Call Merchant, Bribe Branch


You were on level 8 of the Dungeon.
You worshipped Gozag.
Gozag was most pleased with you.
You visited 2 branches of the dungeon, and saw 9 of its levels.
You also visited: Sewer and Ossuary.

You collected 1997 gold pieces.
You paid 64 gold pieces to Gozag.

Inventory:

Hand Weapons
 a - a +2 vorpal hunting sling
Missiles
 o - 124 sling bullets
 v - 13 poisoned darts (quivered)
 z - 3 datura-tipped darts
 C - 2 throwing nets
 K - 10 boomerangs
Armour
 n - a +0 cloak (worn)
 w - a +0 robe (worn)
Jewellery
 s - a ring of stealth (left claw)
 u - a ring of stealth (right claw)
Wands
 h - a wand of iceblast (9)
 i - a wand of paralysis (9)
 y - a wand of acid (8)
 G - a wand of flame (2)
 L - a wand of enslavement (10)
 M - a wand of polymorph (7)
Scrolls
 c - 4 scrolls of teleportation
 d - 4 scrolls of remove curse
 e - 3 scrolls of identify
 f - 5 scrolls of amnesia
 g - 2 scrolls of random uselessness
 m - a scroll of magic mapping
 t - a scroll of fear {unknown}
 B - a scroll of fog {unknown}
 E - 2 scrolls of enchant weapon {unknown}
 H - 5 scrolls of blinking {unknown}
 I - 3 scrolls of enchant armour {unknown}
 O - a scroll of summoning {unknown}
Potions
 b - 2 potions of flight
 j - 2 potions of ambrosia
 k - a potion of heal wounds {unknown}
 l - 2 potions of resistance
 p - a potion of degeneration
 q - a potion of might
 r - a potion of magic
 x - 2 potions of haste
 A - a potion of attraction
 D - a potion of invisibility {unknown}
 F - a potion of curing
 J - a potion of mutation
 N - 2 potions of brilliance


   Skills:
 * Level 4.9 Fighting
 - Level 0.5(1.6) Slings
 * Level 3.3 Throwing
 * Level 5.7 Dodging
 + Level 2.5 Stealth
 + Level 5.9 Unarmed Combat
 * Level 3.4 Spellcasting
 * Level 6.0 Necromancy


You had 11 spell levels left.
You knew the following spells:

 Your Spells              Type           Power        Failure   Level
a - Pain                  Necr           64%          1%          1
b - Vampiric Draining     Necr           8%           6%          3

Your spell library contained the following spells:

 Spells                   Type           Power        Failure   Level
 Animate Skeleton         Necr           32%          1%          1
 Animate Dead             Necr           8%           21%         4
 Magic Dart               Conj           8%           24%         1
 Blink                    Tloc           N/A          34%         2
 Call Imp                 Summ           2%           34%         2
 Slow                     Hex            2%           34%         2
 Agony                    Necr           16%          50%         5
 Conjure Flame            Conj/Fire      2%           56%         3
 Mephitic Cloud           Conj/Pois/Air  2%           56%         3


Dungeon Overview and Level Annotations

Branches:
Dungeon (8/15)             Temple (1/1) D:4           Sewer (visited)
Ossuary (visited)
   Lair: D:8-11

Altars:
Ashenzari
Cheibriados
Dithmenos
Elyvilon
Fedhas
Gozag
Hepliaklqana
Kikubaaqudgha
Makhleb
Nemelex Xobeh
Okawaru
Qazlal
Ru
Sif Muna
Trog
Uskayaw
Vehumet
Wu Jian
Xom
Yredelemnul
Zin
The Shining One

Annotations:
D:3 3 runed translucent doors, SkaryMonk's ghost, amateur OpTm


Innate Abilities, Weirdness & Mutations

You are too large for most types of armour.
You have claws for hands.
Your natural rate of healing is unusually fast.
You are covered in fur. (AC +1)
You have extremely tough skin. (AC +3)
You are partially covered in molten scales. (AC +2)
You are partially covered in slimy green scales. (AC +2)
Scrolls take you a little longer to read.


Message History

Aiming: Vampiric Draining (mildly dangerous; 6% risk of failure)
Press: ? - help, Shift-Dir - straight line, f/p - killer bee
Aim: a killer bee (severely wounded)
You kill the killer bee!
You feel life coursing into your body. The killer bee misses you.
The killer bee stings you but does no damage.
Unknown command.
Unknown command.
Unknown command.
Casting: Vampiric Draining (mildly dangerous; 6% risk of failure)
Confirm with . or Enter, or press ? or * to list all spells.
Aiming: Vampiric Draining (mildly dangerous; 6% risk of failure)
Press: ? - help, Shift-Dir - straight line, f - killer bee
Aim: a killer bee (moderately wounded)
The killer bee is severely wounded.
You feel life coursing into your body. The killer bee stings you.
* * * LOW HITPOINT WARNING * * *
The killer bee stings you!
You die...
Your body crumbles into a pile of gold.

#..#...........#
+
#..#...........#
#
#..#......#'####
#
#.y#......#...#
#
#.y#......#...#
#
#..#......#...#
#..#......#...#
#y##......###.#
#$@#..........#
#..#..........#
#..'...[......#
####..........#
############


You could see a killer bee.

Vanquished Creatures
  Pikel (D:7)
  Sigmund (D:7)
  Menkaure (D:7)
  Edmund (D:7)
  A sky beast (D:5)
  2 ice beasts
  2 black bears
  A phantom (D:7)
  A necrophage (D:5)
  3 ogres
  4 centaurs
  Blork the orc (D:4)
  3 bullfrogs
  A scorpion (D:5)
  4 killer bees (D:8)
  5 wights (D:6)
  2 howler monkeys (D:8)
  A bullfrog zombie (D:5)
  4 centaur zombies (Ossuary)
  3 hounds
  Crazy Yiuf (D:2)
  A centaur skeleton (D:6)
  3 orc priests
  2 bullfrog skeletons
  A gnoll shaman (D:3)
  Ijyb (D:3)
  2 iguanas
  2 worker ants
  6 orc wizards
  3 big kobold zombies (Ossuary)
  2 mummies (Ossuary)
  A worker ant zombie (D:2)
  11 gnolls
  14 adders
  A river rat (D:6)
  A shadow imp (D:5)
  5 white imps
  An ufetubus (D:6)
  13 oozes (Sewer)
  3 adder zombies (Ossuary)
  An adder skeleton (D:4)
  2 worms (D:3)
  3 dart slugs
  14 leopard geckos
  29 orcs
  13 ball pythons
  15 giant cockroaches
  13 goblins
  3 hobgoblins
  9 jackals
  A quokka (D:3)
  5 bats
  20 frilled lizards
  A goblin zombie (Ossuary)
  10 hobgoblin zombies (Ossuary)
  9 kobolds
  9 kobold zombies (Ossuary)
  A leopard gecko skeleton (D:5)
  7 orc zombies (Ossuary)
  14 rats
295 creatures vanquished.

Notes
Turn   | Place    | Note
-------+----------+-------------------------------------------
     0 | D:1      | Morbidden the Troll Necromancer began the quest for the
                  | Orb.
     0 | D:1      | Reached XP level 1. HP: 16/16 MP: 1/1
     8 | D:1      | You fall into a shaft and drop 1 floor!
    91 | D:2      | Reached XP level 2. HP: 10/24 MP: 2/2
   193 | D:2      | Reached XP level 3. HP: 32/32 MP: 3/3
   204 | D:2      | You fall into a shaft and drop 2 floors!
   204 | D:4      | Found a staircase to the Ecumenical Temple.
   213 | Temple   | Entered the Ecumenical Temple
   342 | D:4      | Noticed Blork the orc
   355 | D:4      | Killed Blork the orc
   356 | D:4      | Reached skill level 4 in Necromancy
   356 | D:4      | Reached XP level 4. HP: 24/40 MP: 3/5
   557 | D:4      | HP: 1/40 [gnoll shaman/+0 club (5)]
   567 | D:4      | HP: 1/40 [gnoll shaman/+0 club (5)]
   601 | D:3      | Reached skill level 1 in Fighting
   601 | D:3      | Reached skill level 1 in Unarmed Combat
   774 | D:3      | Found a runed translucent gate.
   775 | D:3      | Found a runed translucent gate.
   775 | D:3      | Found a runed translucent gate.
   796 | D:3      | Noticed SkaryMonk's ghost (amateur OpTm)
   805 | D:3      | Reached XP level 5. HP: 23/48 MP: 6/6
  1069 | D:3      | Noticed an ogre
  1079 | D:3      | Killed an ogre
  1080 | D:3      | Reached XP level 6. HP: 36/55 MP: 7/7
  1177 | D:3      | Learned a level 3 spell: Vampiric Draining
  1346 | D:3      | Found an opulent altar of Gozag.
  1355 | D:3      | Became a worshipper of Gozag Ym Sagoz the Greedy
  1403 | D:3      | Noticed Ijyb
  1422 | D:3      | Killed Ijyb
  1584 | D:3      | Found a burning altar of Makhleb.
  1586 | D:3      | Noticed a blizzard demon
  2217 | D:2      | Found a runed translucent door.
  2218 | D:2      | Noticed Crazy Yiuf
  2227 | D:2      | Killed Crazy Yiuf
  3504 | D:4      | Reached XP level 7. HP: 61/65 MP: 9/9
  3655 | D:5      | Entered Level 5 of the Dungeon
  3816 | D:5      | Found a sand-covered staircase.
  3830 | Ossuary  | Entered an ossuary
  4057 | Ossuary  | Reached skill level 5 in Necromancy
  4246 | D:5      | Reached XP level 8. HP: 52/74 MP: 5/10
  4602 | D:5      | Reached skill level 1 in Throwing
  4720 | D:5      | Found an iron altar of Okawaru.
  5222 | D:6      | Found a glowing drain.
  5231 | Sewer    | Entered a sewer
  5380 | Sewer    | Reached skill level 5 in Unarmed Combat
  5703 | Sewer    | Reached XP level 9. HP: 76/83 MP: 12/12
  6595 | D:6      | Found a blossoming altar of Fedhas.
  6802 | D:7      | Noticed Pikel
  6823 | D:7      | Killed Pikel
  6824 | D:7      | Reached skill level 5 in Dodging
  6919 | D:7      | Found a snail-covered altar of Cheibriados.
  6919 | D:7      | Found a radiant altar of Vehumet.
  6940 | D:7      | Found an opulent altar of Gozag.
  6941 | D:7      | Found a glowing silver altar of Zin.
  6942 | D:7      | Found a shimmering altar of Xom.
  6944 | D:7      | Found a stormy altar of Qazlal.
  6977 | D:7      | Found a sacrificial altar of Ru.
  7204 | D:7      | Noticed Sigmund
  7223 | D:7      | Killed Sigmund
  7239 | D:7      | Noticed Edmund
  7253 | D:7      | Killed Edmund
  7380 | D:7      | Noticed Menkaure
  7391 | D:7      | Killed Menkaure
  7602 | D:7      | Found a glowing golden altar of the Shining One.
  7771 | D:7      | Found a basalt altar of Yredelemnul.
  7996 | D:7      | Noticed an angel
  8408 | D:8      | Reached XP level 10. HP: 87/94 MP: 14/14
  8511 | D:8      | Reached skill level 6 in Necromancy
  8705 | D:8      | Gained mutation: You are partially covered in slimy green
                  | scales. (AC +2) [potion of mutation]
  8705 | D:8      | Gained mutation: Scrolls take you a little longer to read.
                  | [potion of mutation]
  8705 | D:8      | Gained mutation: You are partially covered in molten
                  | scales. (AC +2) [potion of mutation]
  8705 | D:8      | HP: 4/94 [killer bee (6)]
  8709 | D:8      | Slain by a killer bee

Illustrated notes

Levels and vault maps discovered:
D:1:      dpeg_chamrin_arrival_tetris, layout_basic
D:2:      layout_loops_ring, minmay_heptomino_d4, uniq_crazy_yiuf_cottage
D:3:      kennysheep_the_goblin_king, layout_loops_ring,
          makhleb_altar_promises_db, gammafunk_ghost_icy, corexii_corridor_pit,
          grunt_gozag_breadcrumbs
D:4:      layout_gridville, minmay_temple_entry_trees,
          kennysheep_generic_room_11, uniq_blork_the_orc
D:5:      layout_basic, nicolae_ossuary_entry_ruins, solitary_fountain,
          okawaru_ov_weapons_minmay
D:6:      layout_loops_ring, nicolae_overflow_hidden_temple,
          portal_sewer_entry_a, kennysheep_doodads
D:7:      layout_loops_corners, grunt_temple_overflow_holy_war,
          nicolae_ru_great_annihilating_truth, minitemple,
          sigmund_edmund_badplayer, uniq_menkaure, uniq_pikel
D:8:      layout_gridville
Temple:   cyrus_temple_forest

Skill      XL: |  1  2  3  4  5  6  7  8  9 10 |
---------------+-------------------------------+-----
Dodging        | 2 3 4 5 |  5.7
Necromancy     | 4 5 6 |  6.0
Fighting       | 1 2 3 4 |  4.9
Unarmed Combat | 1 2 3 5 |  5.9
Spellcasting   | 2 3 |  3.4
Throwing       | 2 3 |  3.3
Stealth        | 2 |  2.5
Slings         | |  0.5

Action                   |  1- 3 |  4- 6 |  7- 9 | 10-12 || total
-------------------------+-------+-------+-------+-------++-------
Melee: Unarmed           |    48 |   270 |   406 |    36 ||   760
       Punch             |       |     3 |     9 |     1 ||    13
 Fire: Hunting sling     |       |     3 |   286 |       ||   289
Throw: Dart              |       |       |       |     5 ||     5
 Cast: Vampiric Draining |       |     2 |     3 |     8 ||    13
Evoke: Wand              |       |       |     2 |       ||     2
  Use: Scroll            |       |     1 |     9 |       ||    10
       Potion            |       |       |     3 |     7 ||    10
 Stab: Sleeping          |       |     4 |    13 |       ||    17
       Distracted        |       |       |     2 |       ||     2
Armor: Robe              |    13 |   102 |   181 |    26 ||   322
Dodge: Dodged            |    24 |   164 |   286 |    51 ||   525

Table legend: (Time is in decaauts)
 A = Elapsed time spent in this place.
 B = Non-inter-level travel time spent in this place.
 C = Inter-level travel time spent in this place.
 D = Time resting spent in this place.
 E = Time spent auto-exploring this place.
 F = Levels seen in this place.
 G = Mean time per level.
                   A        B        C        D        E       F      G
               +--------+--------+--------+--------+--------+-----+--------+
         Total |   8800 |   8344 |    456 |    172 |   5991 |  11 |  800.0 |
       Dungeon |   7570 |   7143 |    427 |    172 |   5242 |   8 |  946.2 |
        Temple |     91 |     62 |     29 |      0 |     54 |   1 |   91.0 |
         Sewer |    756 |    756 |      0 |      0 |    498 |   1 |  756.0 |
       Ossuary |    382 |    382 |      0 |      0 |    197 |   1 |  382.0 |
               +--------+--------+--------+--------+--------+-----+--------+

Top non-repeatable levels by time:
     D:3: 1310 daAuts
     D:7: 1282 daAuts
     D:5: 1030 daAuts
     D:6: 1025 daAuts
     D:4: 925 daAuts
   Sewer: 756 daAuts
     D:2: 730 daAuts
     D:8: 668 daAuts
     D:1: 598 daAuts
 Ossuary: 382 daAuts
  Temple: 91 daAuts
